 Dungeon Crawl Stone Soup version 0.31-a0-174-g85c54bcb58 (webtiles) character file.

Game seed: 10875150357522531963

134 qw the Chopper (level 5, 0/32 HPs)
             Began as a Gargoyle Fighter on June 15, 2023.
             Slain by Pikel
             ... wielding a +2 whip of freezing
              (1 damage)
             ... on level 4 of the Dungeon.
             The game lasted 00:01:08 (2088 turns).

qw the Chopper (Gargoyle Fighter)                   Turns: 2088, Time: 00:01:08

Health: 0/32       AC: 14    Str: 19 (21) XL:     5   Next: 17%
Magic:  0/5        EV:  7    Int:  8 (9)  God:
Gold:   160        SH:  4    Dex:  9      Spells: 4/4 levels left

rFire   . . .        Y - +3 war axe
rCold   . . .        c - +0 buckler
rNeg    + . .        j - +0 chain mail
rPois   inf          k - +0 helmet
rElec   +            (no cloak)
rCorr   .            (no gloves)
SInv    .            (no boots)
Will    .....        f - amulet of guardian spirit Stlth
                     (no ring)
HPRegen 0.25/turn    (no ring)
MPRegen 0.09/turn

%: guardian spirit
@: no status effects
A: sickness immunity, AC +4, negative energy resistance 1, electricity
resistance, torment resistance 1, petrification resistance
a: no special abilities


You were on level 4 of the Dungeon.
You visited 1 branch of the dungeon, and saw 4 of its levels.

You collected 160 gold pieces.


Innate Abilities, Weirdness & Mutations

You are immune to sickness and miasma.
Your stone body is resilient. (AC +4)
You are immune to poison.
You resist negative energy. (rN+)
You are resistant to electric shocks. (rElec)
You are resistant to unholy torment.
You are immune to petrification.


   Skills:
 - Level 3.2 Fighting
 + Level 4.7 Axes
 - Level 3.2 Armour
 - Level 3.2 Shields


You had 4 spell levels left.
You didn't know any spells.
Your spell library was empty.

Inventory:

Hand Weapons
 g - a +0 flail
 Y - a +3 war axe (weapon)
Armour
 c - a +0 buckler (worn)
 j - a +0 chain mail (worn)
 k - a +0 helmet (worn)
Jewellery
 f - an amulet of guardian spirit (around neck)
Potions
 a - a potion of brilliance {unknown}
 b - a potion of enlightenment {unknown}
 d - a potion of might
 e - a potion of lignification {unknown}
 i - a potion of invisibility {unknown}
 l - a potion of magic {unknown}
 m - a potion of cancellation {unknown}
 n - a potion of heal wounds {unknown}

Dungeon Overview and Level Annotations

Branches:
Dungeon (4/15)
 Temple: D:4-7

Altars:
Ashenzari
Uskayaw

Annotations:
D:3 1 runed translucent door, Crazy Yiuf
D:4 Pikel


Message History

You kill the lemure!
That felt strangely unrewarding.
You hit Pikel but do no damage.
Pikel hits you with a +2 whip of freezing.
Pikel freezes you.
You hit the lemure.
The lemure is moderately wounded.
You hit Pikel. The lemure closely misses you. Pikel barely misses you.
A lemure comes into view.
You block Pikel's attack. The lemure hits you but does no damage.
You barely miss the lemure.
The lemure is moderately wounded.
You closely miss the lemure. You closely miss Pikel.
The lemure closely misses you. x2; Pikel barely misses you.
You slash the lemure!
The lemure is severely wounded.
You slash the lemure! You hit Pikel but do no damage.
You block the lemure's attack. The lemure barely misses you.
Pikel hits you but does no damage.
You completely miss the lemure.
The lemure is severely wounded.
You barely miss Pikel. You hit the lemure.
The lemure hits you but does no damage. x2
Pikel hits you with a +2 whip of freezing!
Pikel freezes you.
You slash the lemure!
You kill the lemure!
That felt strangely unrewarding.
You closely miss the lemure. You hit Pikel. The lemure hits you.
Pikel hits you with a +2 whip of freezing.
Pikel freezes you. The lemure completely misses you.
Pikel hits you with a +2 whip of freezing.
Pikel freezes you.
You slash the lemure!
The lemure is almost dead.
You hit Pikel. The lemure hits you.
Pikel hits you with a +2 whip of freezing.
Pikel freezes you.
You die...

#......# ##......#
##+# #...)...# #..
#....#..# #.#
#....#..###.#
#....#..##<.#####
#....##..#......#
#....##.....###.#
#.@..##.#%..#
#K55.##.#.......
.......#.#....###
...#.....#.#....#
#....#.....#.#....#
#... #####.#.#..#+#
#.. .#..... #..
.#..


You could see Pikel and 2 lemures.

Vanquished Creatures
  2 lemures (D:4)
  A hound (D:3)
  6 adders
  A worm (D:3)
  A dart slug (D:1)
  An orc (D:3)
  A bat (D:2)
  3 endoplasms (D:1)
  2 giant cockroaches
  2 hobgoblins
  3 quokkas
  8 ball pythons
  3 frilled lizards
  6 goblins
  7 kobolds
  3 rats
50 creatures vanquished.

Notes
Turn   | Place    | Note
-------+----------+-------------------------------------------
     0 | D:1      | qw the Gargoyle Fighter began the quest for the Orb.
     0 | D:1      | Reached XP level 1. HP: 14/14 MP: 1/1
     0 | D:1      | 0 ||| qw: Version: 0.2-a-29-g511e9b1
     0 | D:1      | 0 ||| qw: Game counter: 5530
     0 | D:1      | 0 ||| qw: Always use a shield: true
     0 | D:1      | 0 ||| qw: God list: Okawaru
     0 | D:1      | 0 ||| qw: Allow faded altars: false
     0 | D:1      | 0 ||| qw: Do Orc after D:15 true
     0 | D:1      | 0 ||| qw: Do second Lair branch before Depths: true
     0 | D:1      | 0 ||| qw: Lair rune preference: random
     0 | D:1      | 0 ||| qw: Plans: Normal, Zot:1-4, Slime:5, God:TSO, Crypt,
                  | Tomb, Abyss, Pan, Hells, Win
     0 | D:1      | 0 ||| PLANNING D:1-11
    58 | D:1      | 58 ||| DROPPING +0 mace.
    99 | D:1      | 99 ||| Stepping ~*~*~tactically~*~*~ (hiding).
   106 | D:1      | Reached skill level 2 in Axes
   277 | D:1      | Reached XP level 2. HP: 19/19 MP: 2/2
   490 | D:1      | 490 ||| Stepping ~*~*~tactically~*~*~ (hiding).
   698 | D:1      | 698 ||| DROPPING scarf of harm.
   699 | D:1      | 699 ||| UPGRADING to +0 chain mail.
   709 | D:1      | 709 ||| DROPPING +0 scale mail.
   710 | D:1      | 710 ||| UPGRADING to amulet of guardian spirit.
   715 | D:1      | 715 ||| READING scroll labelled DIAFRI ETOERCHU.
   718 | D:1      | 718 ||| READING scroll labelled CIR DOORUL.
   745 | D:2      | Reached skill level 3 in Axes
   809 | D:2      | Reached XP level 3. HP: 23/23 MP: 3/3
  1018 | D:2      | 1018 ||| Stepping ~*~*~tactically~*~*~ (stealth).
  1069 | D:2      | Found a broken altar of Ashenzari.
  1273 | D:2      | 1273 ||| READING 3 scrolls labelled HIAKIA YLLOZ.
  1274 | D:2      | 1274 ||| READING 3 scrolls labelled OVERAESIPS.
  1275 | D:2      | 1275 ||| READING 2 scrolls of enchant weapon.
  1275 | D:2      | 1275 ||| ENCHANTING +1 war axe.
  1276 | D:2      | 1276 ||| READING scroll of enchant weapon.
  1276 | D:2      | 1276 ||| ENCHANTING +2 war axe.
  1277 | D:2      | 1277 ||| DRINKING 2 sapphire potions.
  1278 | D:2      | 1278 ||| DROPPING potion of degeneration.
  1279 | D:2      | 1279 ||| DROPPING 2 scrolls of amnesia.
  1419 | D:3      | Reached XP level 4. HP: 28/28 MP: 4/4
  1475 | D:3      | Reached skill level 4 in Axes
  1505 | D:3      | 1505 ||| Stepping ~*~*~tactically~*~*~ (stealth).
  1541 | D:3      | Reached XP level 5. HP: 17/32 MP: 3/5
  1617 | D:3      | Found a hide-covered altar of Uskayaw.
  1888 | D:3      | Found a runed translucent door.
  1889 | D:3      | Noticed Crazy Yiuf
  2018 | D:3      | 2018 ||| UPGRADING to +0 helmet.
  2023 | D:3      | 2023 ||| READING scroll labelled VUUPIXKEHIU.
  2024 | D:3      | 2024 ||| READING scroll labelled LUKUER UN OLUMM.
  2025 | D:3      | 2025 ||| READING scroll labelled GET IR ZIDI.
  2071 | D:4      | Noticed a lemure
  2072 | D:4      | Noticed Pikel
  2073 | D:4      | Noticed a lemure
  2077 | D:4      | Noticed a lemure
  2082 | D:4      | Killed a lemure
  2083 | D:4      | Noticed a lemure
  2087 | D:4      | Killed a lemure
  2087 | D:4      | HP: 8/32 [Pikel/+2 whip of freezing (1)]
  2088 | D:4      | HP: 3/32 [lemure[Pikel] (2)]
  2088 | D:4      | HP: 1/32 [Pikel/+2 whip of freezing (2)]
  2088 | D:4      | Slain by Pikel

Levels and vault maps discovered:
D:1:      matt_arrival_diagonals, layout_rooms, minmay_misc_feat_room,
          minmay_pentomino_r4
D:2:      layout_basic, basic_altar, chequers_serial_rivers_small_a,
          nicolae_elevator_lobby_plus
D:3:      layout_rooms, nicolae_uskayaw_dance_hall, uniq_crazy_yiuf_cottage
D:4:      minmay_chambers_of_fours, layout_basic, ebering_ghost_disaster_area,
          uniq_pikel

Skill      XL: |  1  2  3  4 |
---------------+-------------+-----
Axes           | 2 3 4 |  4.7
Fighting       | |  3.2
Armour         | |  3.2
Shields        | |  3.2

Action                     |  1- 3 |  4- 6 || total
---------------------------+-------+-------++-------
  Melee: War axe           |   104 |    72 ||   176
    Use: Scroll            |     6 |     3 ||     9
         Potion            |     1 |       ||     1
 Armour: Scale mail        |    19 |       ||    19
         Chain mail        |    38 |    55 ||    93
  Dodge: Dodged            |    36 |    28 ||    64
  Block: Buckler           |    18 |    23 ||    41

Table legend:
 A = Non-vault XP
 B = Vault XP
 C = Vault XP percentage of total XP
 D = Non-vault monster count
 E = Vault monster count
 F = Vault count percentage of total count
                 A         B        C        D         E       F
            +---------+---------+-------+---------+---------+-------
      Total |     189 |       3 |   1.6 |      45 |       3 |   6.2
            +---------+---------+-------+---------+---------+-------
        D:1 |      16 |       3 |  15.8 |       9 |       3 |  25.0
        D:2 |      56 |       0 |   0.0 |      15 |       0 |   0.0
        D:3 |     112 |       0 |   0.0 |      18 |       0 |   0.0
        D:4 |       5 |       0 |   0.0 |       3 |       0 |   0.0
            +---------+---------+-------+---------+---------+-------
